 Dungeon Crawl Stone Soup version 0.29.1-15-g9cfb28693d (webtiles) character file.

Game seed: 10041144885846697989

496 dudediamond6 the Covert (level 6, 0/34 HPs)
             Began as a Vampire Enchanter on Feb 26, 2023.
             Slain by a gnoll
             ... wielding a +0 spear
             ... led by a gnoll bouda
              (4 damage)
             ... on level 5 of the Dungeon.
             The game lasted 00:09:29 (5111 turns).

dudediamond6 the Covert (Vampire Enchanter)         Turns: 5111, Time: 00:09:30

Health: 0/34       AC:  6    Str: 11 (13) XL:     6   Next: 93%
Magic:  8/9        EV: 11    Int: 18 (20) God:
Gold:   241        SH:  0    Dex: 14 (16) Spells: 8/10 levels left

rFire   . . .      SeeInvis +   k - +0 rapier
rCold   + + .      Faith    .   e - orb {*channel}
rNeg    + + +      Spirit   .   n - +4 ring mail "Ibiarew" {*Corrode rPois Str+6 Int+2}
rPois   ∞          Reflect  .   (no helmet)
rElec   .          Harm     .   (no cloak)
rCorr   .          Rampage  .   (no gloves)
Will    .....                   l - +0 pair of boots
Stlth   +++++.....              (no amulet)
HPRegen 0.00/turn               (no ring)
MPRegen 0.11/turn               (no ring)

@: weakened, corroded, bloodless, inhibited regen
A: bloodless, fangs 3, see invisible, vampiric 2
a: Bat Form, Revivify


You were on level 5 of the Dungeon.
You visited 1 branch of the dungeon, and saw 5 of its levels.

You collected 241 gold pieces.

Inventory:

Hand Weapons
 a - a +1 dagger
 k - a +0 rapier (weapon)
Missiles
 s - 2 throwing nets (quivered)
Armour
 b - a +0 robe
 e - an orb of energy (worn)
 g - a +0 leather armour
 l - a +0 pair of boots (worn)
 n - the +4 ring mail "Ibiarew" (worn) {*Corrode rPois Str+6 Int+2}
   (You found it on level 3 of the Dungeon)

   Str:       It affects your strength (+6).
   Int:       It affects your intelligence (+2).
   rPois:     It protects you from poison.
   *Corrode:  It may corrode you when you take damage.
Jewellery
 f - a ring of resist corrosion
Wands
 u - a wand of polymorph (6)
Scrolls
 j - 3 scrolls of magic mapping
 r - a scroll of teleportation {unknown}
Potions
 c - 2 potions of invisibility
 d - 3 potions of curing
 h - a potion of resistance {unknown}
 i - a potion of magic {unknown}
 m - a potion of heal wounds {unknown}
 o - a potion of attraction {unknown}
 p - a potion of mutation {unknown}
 q - 3 potions of flight {unknown}
 t - 2 potions of berserk rage {unknown}


   Skills:
 + Level 1.3 Fighting
 + Level 3.0 Short Blades
 + Level 1.8 Armour
 + Level 2.9 Dodging
 * Level 8.7 Stealth
 + Level 2.5 Spellcasting
 + Level 5.2 Hexes
 + Level 0.9 Ice Magic


You had 8 spell levels left.
You knew the following spells:

 Your Spells              Type           Power      Damage    Failure   Level
a - Ensorcelled Hibernat  Hex/Ice        26%        N/A       17%         2

Your spell library contained the following spells:

 Spells                   Type           Power      Damage    Failure   Level
 Confusing Touch          Hex            21%        N/A       14%         3
 Tukima's Dance           Hex            21%        N/A       14%         3
 Magic Dart               Conj           8%         1d3       38%         1
 Dazzling Flash           Conj/Hex       22%        N/A       38%         3
 Searing Ray              Conj           4%         2d4       52%         2
 Fulminant Prism          Conj/Hex       5%         3d7       80%         4


Dungeon Overview and Level Annotations

Branches:
Dungeon (5/15)
 Temple: D:4-7

Altars:
Dithmenos
Fedhas
Hepliaklqana
Nemelex Xobeh
Qazlal
Trog

Shops:
D:1 :


Innate Abilities, Weirdness & Mutations

You do not regenerate when monsters are visible.
You are frail without blood (-20% HP).
You can heal yourself when you bite living creatures.
You are immune to poison.
You have razor-sharp teeth.
You have supernaturally acute eyesight. (SInv)
You are afflicted with vampirism and can become a bat while bloodless.


Message History

The gnoll bouda hits you but does no damage.
You hit the gnoll bouda.
The gnoll bouda is heavily wounded.
The gnoll bouda barks out a call to the hunt!
The gnoll picks up the pace!
The gnoll hits you but does no damage.
You hit the gnoll bouda.
The gnoll bouda is severely wounded.
The gnoll bouda hits you with a +0 club.
The gnoll barely misses you.
You completely miss the gnoll bouda.
The gnoll bouda is severely wounded.
The gnoll bouda gazes fiercely through you!
You feel as though you will be weak longer.
The gnoll bouda hits you with a +0 club.
The gnoll hits you from afar with a +0 spear.
You hit the gnoll bouda but do no damage.
The gnoll bouda is severely wounded.
The gnoll bouda hits you with a +0 club.
* * * LOW HITPOINT WARNING * * *
The gnoll hits you but does no damage.
You hit the gnoll bouda but do no damage.
The gnoll bouda is severely wounded.
The gnoll bouda hits you but does no damage.
The gnoll hits you from afar with a +0 spear.
* * * LOW HITPOINT WARNING * * *
Your corrosive artefact corrodes you!
You barely miss the gnoll bouda.
You bite the gnoll bouda, but do no damage.
The gnoll bouda is severely wounded.
The gnoll bouda barely misses you.
The gnoll hits you from afar with a +0 spear.
* * * LOW HITPOINT WARNING * * *
You hit the gnoll bouda but do no damage.
The gnoll bouda is severely wounded.
The gnoll bouda gazes fiercely through you!
You feel as though you will be weak longer.
The gnoll bouda barely misses you.
The gnoll hits you from afar with a +0 spear.
You die...

#....♣.._..♣..######..##..#....#
.....♣.....♣..#...#...##..#....#
...#.♣.♣♣♣.♣..#...##..##..#....#
####..........##..##..##..#....#
.....♣♣♣♣♣♣♣...#..##...#..#....#
...............#......<'..#....#
...............#.......#..#....##
..............g##....###'##......
#......#####...g@.####...........
#......# #......# #...........
#......# #......# #...........
#......+ #......# #.........##
#......# #......# #.........#
#####....# ##.....# #####.....#
....#....# #.....# #.....#
....#....# #.....# #.....##
....#....# #.....# #.......


You could see a gnoll bouda and a gnoll (swift).

Vanquished Creatures
  A phantom (D:5)
  A kobold brigand (D:4)
  2 orc priests (D:5)
  4 iguanas
  2 gnolls (D:5)
  5 adders
  2 shadow imps (D:5)
  An ufetubus (D:4)
  2 worms (D:5)
  2 dart slugs
  11 orcs
  2 ball pythons (D:1)
  6 bats
  4 endoplasms
  2 giant cockroaches
  7 hobgoblins
  10 jackals
  8 kobolds
  A quokka (D:5)
  14 frilled lizards
  6 goblins
  4 rats
97 creatures vanquished.

Vanquished Creatures (others)
  25 plants
25 creatures vanquished.

Grand Total: 122 creatures vanquished

Notes
Turn   | Place    | Note
-------+----------+-------------------------------------------
     0 | D:1      | dudediamond6 the Vampire Enchanter began the quest for the
                  | Orb.
     0 | D:1      | Reached XP level 1. HP: 13/13 MP: 3/3
   130 | D:1      | Reached skill level 5 in Stealth
   133 | D:1      | Reached XP level 2. HP: 19/19 MP: 5/5
   866 | D:1      | Found Qidaff's Vocational Training.
  1059 | D:2      | Gained mutation: You are afflicted with vampirism and can
                  | become a bat while bloodless. [Vampire growth]
  1059 | D:2      | Reached XP level 3. HP: 24/24 MP: 6/6
  1332 | D:2      | Learned a level 2 spell: Ensorcelled Hibernation
  1626 | D:3      | Found a stormy altar of Qazlal.
  1626 | D:3      | Found a hazy altar of Hepliaklqana.
  1626 | D:3      | Found a blossoming altar of Fedhas.
  1626 | D:3      | Found a bloodstained altar of Trog.
  1875 | D:3      | Reached XP level 4. HP: 26/31 MP: 7/7
  2004 | D:3      | Reached skill level 6 in Stealth
  2075 | D:3      | Found a faded altar of an unknown god.
  2180 | D:3      | Reached skill level 1 in Armour
  2274 | D:3      | Identified the +4 ring mail "Ibiarew" {*Corrode rPois Str+6
                  | Int+2}
  3252 | D:4      | Found a sparkling altar of Nemelex Xobeh.
  3304 | D:4      | Reached skill level 7 in Stealth
  3304 | D:4      | Reached XP level 5. HP: 28/28 MP: 8/8
  3646 | D:4      | Reached skill level 1 in Fighting
  3874 | D:4      | Reached XP level 6. HP: 34/34 MP: 9/9
  3988 | D:5      | Entered Level 5 of the Dungeon
  4041 | D:5      | Reached skill level 5 in Hexes
  4145 | D:5      | Found a shadowy altar of Dithmenos.
  4162 | D:5      | Reached skill level 8 in Stealth
  4755 | D:5      | HP: 1/34 [gnoll bouda/+0 club (10)]
  5111 | D:5      | Slain by a gnoll

Illustrated notes

Levels and vault maps discovered:
D:1:      wander_arrival_peaceful_grave, layout_basic, nicolae_shop_vocational
D:2:      layout_rooms, minmay_lizard_king
D:3:      layout_basic, chequers_temple_overflow_statue_of_worship,
          shapermc_ecumenical_altar_mp_urbaneastern
D:4:      layout_loops_ring, nemelex_diamond_rough_becter,
          lexackson_kobold_supper
D:5:      layout_gridville, mainiacjoe_overflow_cross_hatched

Skill      XL: |  1  2  3  4  5  6 |
---------------+-------------------+-----
Stealth        | 5 7 8 |  8.7
Short Blades   | 2 3 |  3.0
Armour         | 1 |  1.8
Fighting       | 1 |  1.3
Hexes          | 5 |  5.2
Dodging        | |  2.9
Spellcasting   | |  2.5
Ice Magic      | |  0.9

Action                   |  1- 3 |  4- 6 || total
-------------------------+-------+-------++-------
Melee: Dagger            |   160 |   137 ||   297
       Bite              |    16 |    15 ||    31
       Punch             |     1 |       ||     1
       Rapier            |       |    45 ||    45
 Cast: Ensorcelled Hiber |       |    24 ||    24
 Abil: End Transformatio |       |     2 ||     2
       Bat Form          |       |     2 ||     2
       Exsanguinate      |       |     1 ||     1
  Use: Scroll            |       |     6 ||     6
 Stab: Sleeping          |     6 |    31 ||    37
       Distracted        |     1 |       ||     1
Armor: Robe              |     7 |       ||     7
       Leather armour    |    46 |    13 ||    59
       Ring mail         |       |    54 ||    54
Dodge: Dodged            |   104 |   112 ||   216
